 Dungeon Crawl Stone Soup version 0.28-a0-1087-gf3fc490d9d (webtiles) character file.

Game seed: 11017438633888296433

736 bearlyready the Cleaver (level 7, -3/61 HPs)
             Began as a Deep Dwarf Fighter on Dec 10, 2021.
             Was a Follower of Elyvilon.
             Slain by a gnoll (4 damage)
             ... on level 5 of the Dungeon.
             The game lasted 00:08:22 (4424 turns).

bearlyready the Cleaver (Deep Dwarf Fighter)        Turns: 4424, Time: 00:08:22

Health: -3/61      AC: 12    Str: 28    XL:     7   Next: 46%
Magic:  10/10      EV: 10    Int:  8    God:    Elyvilon [*.....]
Gold:   107        SH:  4    Dex: 12    Spells: 6/6 levels left

rFire   + . .      SeeInvis .   a - +0 war axe
rCold   . . .      Faith    .   c - +0 buckler
rNeg    . . .      Spirit   .   p - +2 scale mail {rF+}
rPois   .          Reflect  .   l - +0 helmet
rElec   .          Harm     .   k - +0 cloak
rCorr   .          Rampage  .   (no gloves)
Will    +....                   h - +0 pair of boots
Stlth   ..........              (no amulet)
HPRegen 0.00/turn               x - +6 ring of strength
MPRegen 0.12/turn               (no ring)

@: lethally poisoned (-3 -> -3)
A: damage resistance, heal wounds, sense surroundings 1, no regeneration
a: Heal Wounds, Renounce Religion, Purification


You were on level 5 of the Dungeon.
You worshipped Elyvilon.
Elyvilon was aware of your devotion.
You visited 1 branch of the dungeon, and saw 5 of its levels.
You also visited: Sewer.

You collected 187 gold pieces.
You spent 80 gold pieces at shops.

Inventory:

Hand Weapons
 a - a +0 war axe (weapon)
 F - the +9 rapier "Xyxi" {vorpal, rN+ Str-2 Int+3}
   (You found it on level 5 of the Dungeon)

   It inflicts extra damage upon your enemies.
   Str:       It affects your strength (-2).
   Int:       It affects your intelligence (+3).
   rN:        It protects you from negative energy.
Missiles
 e - 152 stones
 i - 48 poisoned darts (quivered)
 n - 21 arrows
 q - 41 sling bullets
 t - a curare-tipped dart
Armour
 b - a +0 scale mail
 c - a +0 buckler (worn)
 h - a +0 pair of boots (worn)
 k - a +0 cloak (worn)
 l - a +0 helmet (worn)
 p - a +2 scale mail of fire resistance (worn)
Jewellery
 x - a +6 ring of strength (left hand)
 B - a ring of ice
Wands
 r - a wand of flame (38)
Scrolls
 f - a scroll of enchant armour
 j - 2 scrolls of fog
 o - 2 scrolls of teleportation
 u - a scroll of magic mapping {unknown}
 v - 5 scrolls of vulnerability {unknown}
 w - a scroll of amnesia {unknown}
 y - a scroll of immolation {unknown}
 C - 2 scrolls of enchant weapon {unknown}
Potions
 d - a potion of might
 g - 4 potions of curing
 m - 2 potions of mutation {unknown}
 s - a potion of brilliance {unknown}
 z - 2 potions of flight
 A - a potion of heal wounds
 D - a potion of magic {unknown}
 E - a potion of haste {unknown}


   Skills:
 - Level 2.6 Fighting
 + Level 8.2 Axes
 - Level 3.2 Armour
 - Level 3.2 Shields
 + Level 4.8 Invocations
 - Level 1.0 Evocations


You had 6 spell levels left.
You didn't know any spells.
Your spell library contained the following spells:

 Spells                   Type           Power      Damage    Failure   Level
 Pain                     Necr           0%         1d4       71%         1
 Agony                    Necr           0%         N/A       100%        5
 Excruciating Wounds      Necr           0%         N/A       100%        5


Dungeon Overview and Level Annotations

Branches:
Dungeon (5/15)              Sewer (visited)
 Temple: D:4-7

Altars:
Zin

Shops:
D:2 !

Annotations:
D:2 1 runed translucent door, Crazy Yiuf
D:3 1 runed translucent door, garrulousMonolith's ghost, amateur HOFi


Innate Abilities, Weirdness & Mutations

You are resistant to damage.
You can heal yourself by infusing magical energy.
You passively map a small area around you.
You do not regenerate.


Message History

The shadow imp is heavily wounded.
The shadow imp hits you but does no damage.
You slash the shadow imp!
You kill the shadow imp!
You see here a +0 ring mail.
Found a runed dire flail.
You see here a +1 vorpal dire flail.
An ogre comes into view. It is wielding a +0 giant spiked club.
The ogre shouts!
A gnoll comes into view.
It is wielding a +0 flail of holy wrath.
There are monsters nearby!
The gnoll shouts!
You hear a shout!
You hear an angry hiss.
An ogre comes into view. It is wielding a +0 giant club.
A water moccasin comes into view.
An ice beast comes into view.
Found a short gold wand and a potion of might.
Found a glowing silver altar of Zin.
You slash the ogre!
The ogre is moderately wounded.
The ogre hits you with a +0 giant spiked club.
You hit the ogre.
The ogre is heavily wounded.
A river rat comes into view.
You barely miss the ogre.
The ogre is heavily wounded.
Your scale mail prevents you from hitting the gnoll.
The ogre completely misses you. The gnoll hits you but does no damage.
The gnoll hits you with a +0 flail of holy wrath.
* * * LOW HITPOINT WARNING * * *
You slash the ogre!
The ogre is almost dead.
You hit the gnoll but do no damage.
You hit the water moccasin but do no damage.
You block the water moccasin's attack. The ogre closely misses you.
The water moccasin bites you.
* * * LOW HITPOINT WARNING * * *
You are poisoned.
The water moccasin poisons you!
The gnoll hits you with a +0 flail of holy wrath.
You die...

,,, , .P .!_/.♣P♣♣ , , *
P.........♣♣. * #
♣P#..r#..P.. #.♣.......♣.♣
* #P..P.#..8P.♣
♣P....OY..♣, , ♣..PSOg.♣ .
♣P...@.P♣ , *
♣.♣♣..♣..♣♣♣♣♣ , ,
♣.P$♣..P.P..♣§♣** *
♣.P..P♣)..§§.♣♣#
#♣.♣PPP..♣♣♣♣§§#
###P.P♣P.♣♣..♣♣♣§
#.#P♣♣♣♣♣..P♣♣♣P♣########
##.P...♣.P.♣..P♣..........
#..♣P...♣.♣P♣♣♣.♣.........


You could see a water moccasin, an ice beast, 2 ogres, a gnoll and a river rat.

Vanquished Creatures
  2 kobold brigands
  4 killer bees
  An orc priest (D:5)
  2 iguanas
  Jessica (D:2)
  Terence (D:2)
  2 orc wizards
  6 gnolls
  7 adders
  3 river rats
  2 shadow imps
  An adder skeleton (D:4)
  3 worms (D:3)
  A dart slug (D:1)
  5 orcs
  5 endoplasms
  2 giant cockroaches
  8 goblins
  3 hobgoblins
  8 jackals
  9 kobolds
  3 ball pythons
  3 bats
  3 frilled lizards
  11 rats
96 creatures vanquished.

Vanquished Creatures (others)
  5 plants
5 creatures vanquished.

Grand Total: 101 creatures vanquished

Notes
Turn   | Place    | Note
-------+----------+-------------------------------------------
     0 | D:1      | bearlyready the Deep Dwarf Fighter began the quest for the
                  | Orb.
     0 | D:1      | Reached XP level 1. HP: 20/20 MP: 1/1
   106 | D:1      | Found a faded altar of an unknown god.
   117 | D:1      | Reached skill level 3 in Axes
   117 | D:1      | Reached XP level 2. HP: 27/27 MP: 2/2
   497 | D:1      | Reached XP level 3. HP: 20/33 MP: 3/3
   531 | D:1      | Reached skill level 4 in Axes
  1212 | D:2      | Noticed Terence
  1238 | D:2      | Killed Terence
  1239 | D:2      | Reached skill level 5 in Axes
  1239 | D:2      | Reached XP level 4. HP: 17/40 MP: 4/4
  1306 | D:2      | Noticed Jessica
  1306 | D:2      | Found Geabaoff's Distillery.
  1319 | D:2      | Killed Jessica
  1333 | D:2      | Bought a potion of heal wounds for 50 gold pieces
  1333 | D:2      | Bought a potion of curing for 30 gold pieces
  1606 | D:2      | Found a runed translucent door.
  1607 | D:2      | Noticed Crazy Yiuf
  2064 | D:3      | Reached skill level 6 in Axes
  2064 | D:3      | Reached XP level 5. HP: 13/46 MP: 5/5
  2214 | D:3      | Found a glowing drain.
  2218 | Sewer    | Entered a sewer
  2311 | Sewer    | Found a white marble altar of Elyvilon.
  2381 | Sewer    | Became a worshipper of Elyvilon the Healer
  2431 | D:3      | Reached skill level 7 in Axes
  2431 | D:3      | Reached XP level 6. HP: 37/55 MP: 6/6
  2582 | D:3      | Reached skill level 1 in Evocations
  2691 | D:3      | Found a runed translucent door.
  2692 | D:3      | Noticed garrulousMonolith's ghost (amateur HOFi)
  2718 | D:3      | Found a glowing silver altar of Zin.
  2718 | D:3      | Noticed an angel
  3205 | D:4      | Reached skill level 1 in Invocations
  3379 | D:4      | Reached * piety under Elyvilon
  3758 | D:4      | HP: 1/55 [killer bee (4)]
  3958 | D:4      | Reached XP level 7. HP: 17/61 MP: 9/9
  4004 | D:4      | Reached skill level 8 in Axes
  4050 | D:5      | Entered Level 5 of the Dungeon
  4261 | D:5      | Identified the +9 rapier "Xyxi" {vorpal, rN+ Str-2 Int+3}
  4420 | D:5      | Found a glowing silver altar of Zin.
  4424 | D:5      | HP: 1/61 [water moccasin (3)]
  4424 | D:5      | Slain by a gnoll

Illustrated notes

Levels and vault maps discovered:
D:1:      evilmike_arrival_rings, layout_basic,
          chequers_ecumenical_altar_island, serial_bayou_lagoon_b
D:2:      layout_basic, serial_shops, nicolae_lakefront_shop, chequers_jeans,
          uniq_crazy_yiuf_cottage, uniq_terence, uniq_jessica
D:3:      layout_basic, zin_angel, ebering_ghost_reflecting_pool,
          lightli_sewer_entry_pipes, minmay_cut_off
D:4:      layout_basic, chequers_decorated_corner
D:5:      wad_woods_stonehenge, layout_basic

Skill      XL: |  1  2  3  4  5  6  7 |
---------------+----------------------+-----
Axes           | 3 5 6 7 8 |  8.2
Evocations     | 1 |  1.0
Invocations    | 3 4 |  4.8
Fighting       | |  2.6
Armour         | |  3.2
Shields        | |  3.2

Action                   |  1- 3 |  4- 6 |  7- 9 || total
-------------------------+-------+-------+-------++-------
Melee: War axe           |    70 |   196 |    36 ||   302
Throw: Stone             |     2 |       |       ||     2
       Dart              |    11 |    39 |     4 ||    54
       Throwing net      |     1 |       |       ||     1
 Abil: Heal Wounds       |       |     1 |     1 ||     2
Evoke: Wand              |       |     3 |       ||     3
  Use: Scroll            |       |     3 |       ||     3
       Potion            |       |     1 |       ||     1
Armor: Scale mail        |    25 |    93 |    20 ||   138
Dodge: Dodged            |    36 |    98 |    12 ||   146
Block: Buckler           |    14 |    40 |    10 ||    64

Table legend: (Time is in decaauts)
 A = Elapsed time spent in this place.
 B = Non-inter-level travel time spent in this place.
 C = Inter-level travel time spent in this place.
 D = Time resting spent in this place.
 E = Time spent auto-exploring this place.
 F = Levels seen in this place.
 G = Mean time per level.
                   A        B        C        D        E       F      G
               +--------+--------+--------+--------+--------+-----+--------+
         Total |   4586 |   4106 |    480 |     19 |   2855 |   6 |  764.3 |
       Dungeon |   4365 |   3885 |    480 |     19 |   2744 |   5 |  873.0 |
         Sewer |    221 |    221 |      0 |      0 |    111 |   1 |  221.0 |
               +--------+--------+--------+--------+--------+-----+--------+

Top non-repeatable levels by time:
     D:2: 1126 daAuts
     D:3: 1066 daAuts
     D:1: 899 daAuts
     D:4: 896 daAuts
     D:5: 376 daAuts
   Sewer: 221 daAuts
